 Dungeon Crawl Stone Soup version 0.24-a0-652-g46ecf6da75 (webtiles) character file.

Game seed: 4572501806764010399, levelgen mode: deterministic

93 Marnok the Covered (level 4, -6/38 HPs)
             Began as a Demigod Fighter on Sept 26, 2019.
             Mangled by an ogre
             ... wielding a +0 giant spiked club
              (17 damage)
             ... on level 3 of the Dungeon.
             The game lasted 00:05:53 (1764 turns).

Marnok the Covered (Demigod Fighter)                Turns: 1764, Time: 00:05:53

Health: -6/38      AC:  9    Str: 26    XL:     4   Next: 14%
Magic:  6/6        EV:  6    Int: 12    God:
Gold:   97         SH: 10    Dex: 15    Spells: 3/3 levels left

rFire    . . .     SeeInvis .   a - +0 long sword
rCold    . . .     Gourm    .   c - +0 shield
rNeg     . . .     Faith    .   j - +0 chain mail (curse)
rPois    .         Spirit   .   (no helmet)
rElec    .         Reflect  .   (no cloak)
rCorr    .         Harm     .   (no gloves)
MR       .....                  (no boots)
Stlth    ..........             (no amulet)
HPRegen  0.12/turn              (no ring)
MPRegen  0.10/turn              (no ring)

@: mighty, flying, invisible
A: high mp 1
a: no special abilities


You were on level 3 of the Dungeon.
You were very hungry.

You visited 1 branch of the dungeon, and saw 3 of its levels.

You collected 97 gold pieces.

Inventory:

Hand Weapons
 a - a +0 long sword (weapon)
 e - a +2 dagger of draining
Armour
 c - a +0 shield (worn)
 j - a cursed +0 chain mail (worn)
Scrolls
 b - a scroll of amnesia {unknown}
 i - a scroll of random uselessness {unknown}
 l - a scroll of blinking {unknown}
Potions
 h - a potion of flight
 k - a potion of invisibility
Comestibles
 f - 3 rations


   Skills:
 + Level 3.1 Fighting
 + Level 2.6 Long Blades
 + Level 3.3 Armour
 + Level 0.3 Dodging
 + Level 3.2 Shields


You had 3 spell levels left.
You didn't know any spells.
Your spell library was empty.

Dungeon Overview and Level Annotations

Branches:
Dungeon (3/15)


Innate Abilities, Weirdness & Mutations

You have an increased reservoir of magic. (+10% MP)


Message History

Your shield and chain mail prevent you from hitting the ogre.
The ogre is moderately wounded.
The ogre hits you with a +0 giant spiked club!!
Ouch! That really hurt!
* * * LOW HITPOINT WARNING * * *
It was a potion of flight.
You feel very buoyant.
You fly up into the air.
A rat comes into view.
The ogre barely misses you.
You riposte.
Your shield and chain mail prevent you from hitting the ogre.
The ogre is moderately wounded.
You feel very mighty all of a sudden.
Your shield and chain mail prevent you from hitting the ogre.
The ogre is moderately wounded.
You block the ogre's attack.
It was a potion of invisibility.
You fade into invisibility!
The ogre hits you with a +0 giant spiked club!
You die...

#.# .......
#######.###.......
...........รท......
####.#.#.<.......
#.#(###+#..# #.#.#
#.#.# #.#.# #@#..
#O#.# #r#.# ..# ...
####


You could see an ogre and a rat.

Vanquished Creatures
  3 adders (D:2)
  An ooze (D:2)
  2 worms (D:2)
  A dart slug (D:1)
  9 bats
  A giant cockroach (D:1)
  5 goblins
  10 hobgoblins
  A ball python (D:2)
  5 frilled lizards
  9 kobolds
  8 rats
55 creatures vanquished.

Notes
Turn   | Place    | Note
-------+----------+-------------------------------------------
     0 | D:1      | Marnok the Demigod Fighter began the quest for the Orb.
     0 | D:1      | Reached XP level 1. HP: 18/18 MP: 3/3
   219 | D:2      | Reached XP level 2. HP: 25/26 MP: 4/4
   827 | D:2      | Reached XP level 3. HP: 31/31 MP: 5/5
  1305 | D:2      | Reached XP level 4. HP: 35/38 MP: 6/6
  1754 | D:3      | Noticed an ogre
  1764 | D:3      | Mangled by an ogre

Levels and vault maps discovered:
D:1:      lightli_arrival_noodles, layout_loops_ring, minmay_misc_feat_columns
D:2:      wad_pebble_path, layout_basic, serial_forest,
          infiniplex_forest_corner_1, infiniplex_forest_straight_3,
          infiniplex_forest_clump_diagonal, infiniplex_forest_straight_1,
          infiniplex_forest_straight_2, infiniplex_forest_straight_4,
          infiniplex_forest_clump_double
D:3:      layout_basic, uniq_ijyb, uniq_terence, uniq_sigmund

Skill      XL: |  1  2  3 |
---------------+----------+-----
Fighting       | 3 |  3.1
Armour         | 3 |  3.3
Long Blades    | 2 |  2.6
Shields        | 3 |  3.2
Dodging        | |  0.3

Action                   |  1- 3 |  4- 6 || total
-------------------------+-------+-------++-------
Melee: Long sword        |   151 |    24 ||   175
  Use: Potion            |       |     3 ||     3
  Eat: Chunk             |     2 |       ||     2
Armor: Scale mail        |    31 |       ||    31
       Chain mail        |    70 |    26 ||    96
Dodge: Dodged            |    30 |    11 ||    41
Block: Shield            |    87 |    22 ||   109
       Rpst.: Long sword |    10 |     5 ||    15

Table legend:
 A = Non-vault XP
 B = Vault XP
 C = Vault XP percentage of total XP
 D = Non-vault monster count
 E = Vault monster count
 F = Vault count percentage of total count
                 A         B        C        D         E       F
            +---------+---------+-------+---------+---------+-------
      Total |     133 |       0 |   0.0 |      55 |       0 |   0.0
            +---------+---------+-------+---------+---------+-------
        D:1 |      34 |       0 |   0.0 |      21 |       0 |   0.0
        D:2 |      97 |       0 |   0.0 |      32 |       0 |   0.0
        D:3 |       2 |       0 |   0.0 |       2 |       0 |   0.0
            +---------+---------+-------+---------+---------+-------
